 Dungeon Crawl Stone Soup version 0.22.1-1-ga44c0e5 (webtiles) character file.

40 geeseburger the Digger (level 3, 0/21 HPs)
             Began as a Gargoyle Earth Elementalist on Oct 17, 2018.
             Slain by Sigmund
             ... wielding a +0 scythe
              (1 damage)
             ... on level 3 of the Dungeon.
             The game lasted 00:07:27 (2340 turns).

geeseburger the Digger (GrEE)                       Turns: 2340, Time: 00:07:29

Health: 0/21       AC:  9    Str: 11    XL:     3   Next: 50%
Magic:  1/6        EV: 12    Int: 15    God:
Gold:   67         SH:  0    Dex: 11    Spells: 2/6 levels left

rFire    . . .     SeeInvis .   a - +0 whip
rCold    . . .     Gourm    .   (no shield)
rNeg     + + .     Faith    .   l - +2 robe {rN+}
rPois    ∞         Spirit   .   (no helmet)
rElec    +         Reflect  .   m - +0 cloak
rCorr    .         Harm     .   (no gloves)
MR       .....                  e - +0 pair of boots
Stlth    ++........             (no amulet)
HPRegen  0.07/turn              (no ring)
MPRegen  0.10/turn              (no ring)

@: no status effects
A: negative energy resistance 1, electricity resistance, unbreathing,
petrification resistance, rot immunity, AC +3
a: no special abilities


You were on level 3 of the Dungeon.
You were not hungry.

You visited 1 branch of the dungeon, and saw 3 of its levels.

You collected 67 gold pieces.

Inventory:

Hand Weapons
 a - a +0 whip (weapon)
Missiles
 b - 151 stones (quivered)
Armour
 e - a +0 pair of boots (worn)
 l - a +2 robe of positive energy (worn)
 m - a +0 cloak (worn)
Scrolls
 f - a scroll of amnesia
Potions
 c - a potion of magic {unknown}
 h - 2 potions of haste {unknown}
 i - a potion of ambrosia {unknown}
 k - a potion of flight {unknown}
 n - 3 potions of curing


   Skills:
 * Level 2.0 Fighting
 + Level 1.9 Dodging
 - Level 2.1 Stealth
 + Level 2.3 Spellcasting
   Level 0.7 Transmutations
 + Level 4.0 Earth Magic


You had 2 spell levels left.
You knew the following spells:

 Your Spells              Type           Power        Failure   Level  Hunger
a - Sandblast             Erth           ##....       4%          1    #......
b - Stone Arrow           Conj/Erth      #.....       28%         3    ###....

Your spell library contained the following spells:

 Spells                   Type           Power        Failure   Level  Hunger
 Passwall                 Tmut/Erth      #.......     12%         2    ###....
 Petrify                  Tmut/Erth      #.......     63%         4    #####..
 Lee's Rapid Deconstruct  Erth           ##........   75%         5    ######.


Dungeon Overview and Level Annotations

Branches:
Dungeon (3/15)

Altars:

Annotations:
D:3 Sigmund


Innate Abilities, Weirdness & Mutations

You are resistant to torment.
Your stone body is resilient. (AC +3)
You are immune to poison.
You resist negative energy. (rN+)
You are resistant to electric shocks. (rElec)
You can survive without breathing.
You are immune to petrification.
You are immune to rotting.


Message History

The goblin hits you but does no damage. Sigmund hits you but does no damage.
The goblin closely misses you.
You hit Sigmund.
Sigmund is heavily wounded.
Sigmund hits you with a scythe!
* * * LOW HITPOINT WARNING * * *
The goblin hits you but does no damage.
Casting: Stone Arrow (safe; 28% risk of failure)
Confirm with . or Enter, or press ? or * to list all spells.
You don't have enough magic to cast that spell.
You hit Sigmund but do no damage.
Sigmund is heavily wounded.
The goblin closely misses you.
You hit Sigmund but do no damage.
Sigmund is heavily wounded.
Sigmund mumbles some strange words.
Sigmund flickers and vanishes!
Deactivating autopickup; reactivate with Ctrl-A.
The goblin closely misses you. Something hits you.
You die...

###..........
##..!........
..#>.......
........(
#......
#..... #..g{#
#@# #.# #.#
## #.# ..# .#
#.# ... #.#
#.### #.# #.#
#...## #..#
#.# ###..#
#..###.#
##.##


You could see a goblin.

Vanquished Creatures
  An ooze (D:1)
  A worm (D:2)
  6 bats (D:1)
  A giant cockroach (D:1)
  6 goblins
  6 hobgoblins
  A jackal (D:2)
  3 frilled lizards (D:1)
  2 kobolds (D:1)
  5 rats
32 creatures vanquished.

Notes
Turn   | Place    | Note
-------+----------+-------------------------------------------
     0 | D:1      | geeseburger the Gargoyle Earth Elementalist began the quest
                  | for the Orb.
     0 | D:1      | Reached XP level 1. HP: 10/10 MP: 3/3
   407 | D:1      | Reached XP level 2. HP: 16/16 MP: 3/5
   412 | D:1      | Reached skill level 1 in Fighting
  1127 | D:1      | Reached XP level 3. HP: 20/20 MP: 4/6
  1623 | D:2      | Reached skill level 4 in Earth Magic
  1798 | D:2      | Learned a level 3 spell: Stone Arrow
  1818 | D:2      | Found a faded altar of an unknown god.
  2323 | D:3      | Noticed Sigmund
  2338 | D:3      | HP: 1/21 [Sigmund/scythe (7)]
  2340 | D:3      | Slain by Sigmund

Skill      XL: |  1  2  3 |
---------------+----------+-----
Fighting       | 1 2 |  2.0
Earth Magic    | 4 |  4.0
Dodging        | |  1.9
Stealth        | |  2.1
Spellcasting   | |  2.3
Transmutations | |  0.7

Action                   || total
-------------------------++-------
Melee: Whip              ||   131
 Cast: Sandblast         ||     9
       Stone Arrow       ||     2
  Use: Scroll            ||     6
 Stab: Sleeping          ||     2
  Eat: Ration            ||     2
Armor: Robe              ||    59
       Skin              ||     1
Dodge: Dodged            ||   111
